 Dungeon Crawl Stone Soup version 0.28-a0-1312-g71652a0310 (webtiles) character file.

Game seed: 1968604791805373407

2685 freelancePsychic the Fighter (level 9, -6/66 (82) HPs)
             Began as a Hill Orc Hunter on Dec 27, 2021.
             Was an Initiate of Beogh.
             Mangled by a wight (10 damage)
             ... on level 7 of the Dungeon.
             The game lasted 00:11:25 (7756 turns).

freelancePsychic the Fighter (Hill Orc Hunter)      Turns: 7756, Time: 00:11:26

HP:   -6/66 (82)    AC: 12    Str: 17    XL:     9   Next: 64%
MP:   11/11         EV: 10    Int: 11    God:    Beogh [......]
Gold: 231           SH:  0    Dex: 13    Spells: 8/8 levels left

rFire   . . .      SeeInvis .   b - +2 flail (drain)
rCold   . . .      Faith    .   (no shield)
rNeg    . . .      Spirit   .   p - +0 scale mail
rPois   .          Reflect  .   (no helmet)
rElec   .          Harm     .   g - +2 cloak
rCorr   .          Rampage  .   (no gloves)
Will    .....                   j - +1 pair of boots
Stlth   ..........              (no amulet)
HPRegen 0.21/turn               (no ring)
MPRegen 0.12/turn               (no ring)

@: heavily drained
A: no striking features
a: Renounce Religion


You were on level 7 of the Dungeon.
You worshipped Beogh.
Beogh was noncommittal.
You visited 1 branch of the dungeon, and saw 7 of its levels.

You collected 231 gold pieces.

Inventory:

Hand Weapons
 a - a +1 shortbow
 b - a +2 flail of draining (weapon)
 u - a +0 whip of electrocution
 x - a +0 battleaxe
Missiles
 d - 36 arrows
 w - a throwing net (quivered)
Armour
 g - a +2 cloak (worn)
 j - a +1 pair of boots (worn)
 p - a +0 scale mail (worn)
Jewellery
 q - an amulet of guardian spirit
 s - a ring of poison resistance
Wands
 i - a wand of polymorph (11)
 o - a wand of paralysis (7)
Scrolls
 e - 3 scrolls of enchant weapon
 h - 3 scrolls of magic mapping
 k - a scroll of fog
 m - a scroll of summoning
 n - 2 scrolls of enchant armour
 r - 2 scrolls of identify {@r1}
 t - 3 scrolls of teleportation {@r4}
 v - 3 scrolls of silence {unknown}
Potions
 c - 4 potions of might
 f - 2 potions of resistance {unknown}
 l - a potion of curing {unknown}


   Skills:
 + Level 8.7 Fighting
 * Level 0.7(3.1) Axes
 - Level 4.1 Maces & Flails
 - Level 8.3 Bows
 - Level 5.3 Armour
 - Level 1.5 Dodging
 - Level 0.7 Stealth
 + Level 3.5 Invocations


You had 8 spell levels left.
You didn't know any spells.
Your spell library contained the following spells:

 Spells                   Type           Power      Damage    Failure   Level
 Inner Flame              Hex/Fire       0%         N/A       97%         3
 Cause Fear               Hex            0%         N/A       100%        4
 Discord                  Hex            0%         N/A       100%        8


Dungeon Overview and Level Annotations

Branches:
Dungeon (7/15)
 Temple: D:4-7

Altars:

Annotations:
D:4 1 runed translucent door, Crazy Yiuf
D:6 Menkaure


Message History

You are too injured to fight recklessly!
You are too injured to fight recklessly!
You are too injured to fight recklessly!
You are too injured to fight recklessly!
You are too injured to fight recklessly!
You are too injured to fight recklessly!
You are too injured to fight recklessly!
You are too injured to fight recklessly!
You are too injured to fight recklessly!
You are too injured to fight recklessly!
You are too injured to fight recklessly!
You are too injured to fight recklessly!
You are too injured to fight recklessly!
You are too injured to fight recklessly!
You are too injured to fight recklessly!
You are too injured to fight recklessly!
You closely miss the wight.
The wight hits you with a +4 long sword.
You feel drained.
You sock the wight!
The wight is heavily damaged.
The wight hits you with a +4 long sword.
You feel drained.
You closely miss the wight.
The wight is heavily damaged.
The wight hits you with a +4 long sword!
You feel drained.
You hit the wight but do no damage.
The wight is heavily damaged.
The wight hits you with a +4 long sword!
* * * LOW HITPOINT WARNING * * *
You feel drained.
* * * LOW HITPOINT WARNING * * *
The wight hits you with a +4 long sword.
* * * LOW HITPOINT WARNING * * *
You feel drained.
You closely miss the wight.
The wight is heavily damaged.
The wight hits you with a +4 long sword!
You die...

######.## #.#
##############.#
#..............#
#.##############
#[# #)#
###)###########
#...........@.#
#.#.#########z#
#.....[.....#.#####
###.#######.#......
#.#...z....).....
#......z...#.....
###.##.)>..#.....
#.##)....#.....
#.##.....#


You could see a wight.

Vanquished Creatures
  Pikel (D:4)
  7 yaks
  A water moccasin (D:5)
  An ogre (D:4)
  3 lemures (D:4)
  2 phantoms
  A bullfrog (D:6)
  A scorpion (D:7)
  A water moccasin skeleton (D:6)
  2 wights (D:7)
  A centaur zombie (D:7)
  2 orc priests (D:7)
  4 hounds
  A centaur skeleton (D:5)
  A jelly (D:5)
  2 bullfrog skeletons
  2 gnoll shamans
  Jessica (D:2)
  2 iguanas
  2 orc wizards
  Terence (D:3)
  4 adders
  3 gnolls (D:7)
  2 adder skeletons
  A worm (D:2)
  3 dart slugs
  9 orcs
  6 ball pythons
  2 bats
  3 endoplasms
  9 goblins
  2 hobgoblins
  2 quokkas (D:1)
  3 frilled lizards
  4 kobolds
  8 rats
100 creatures vanquished.

Notes
Turn   | Place    | Note
-------+----------+-------------------------------------------
     0 | D:1      | freelancePsychic the Hill Orc Hunter began the quest for
                  | the Orb.
     0 | D:1      | Reached XP level 1. HP: 18/18 MP: 1/1
   167 | D:1      | Reached XP level 2. HP: 23/25 MP: 2/2
  1255 | D:2      | Reached XP level 3. HP: 27/31 MP: 3/3
  1416 | D:2      | Found a faded altar of an unknown god.
  1452 | D:2      | Noticed Jessica
  1469 | D:2      | Killed Jessica
  1470 | D:2      | Reached XP level 4. HP: 25/40 MP: 4/4
  2423 | D:3      | Noticed Terence
  2432 | D:3      | Killed Terence
  2433 | D:3      | Reached XP level 5. HP: 41/47 MP: 5/5
  2772 | D:3      | Reached skill level 5 in Fighting
  2991 | D:4      | Reached skill level 5 in Bows
  3003 | D:4      | Noticed an ogre
  3347 | D:4      | Reached skill level 1 in Armour
  3347 | D:4      | Reached XP level 6. HP: 56/56 MP: 6/6
  3555 | D:4      | Noticed Pikel
  3829 | D:4      | Killed Pikel
  3830 | D:4      | Reached XP level 7. HP: 51/64 MP: 7/7
  4063 | D:4      | Found a runed translucent door.
  4064 | D:4      | Noticed Crazy Yiuf
  4329 | D:5      | Entered Level 5 of the Dungeon
  4329 | D:5      | Noticed a yak
  4329 | D:5      | Noticed a yak
  4330 | D:5      | Noticed a yak
  4332 | D:5      | Noticed a yak
  4332 | D:5      | Noticed a yak
  4333 | D:5      | Noticed a yak
  4345 | D:4      | Killed a yak
  4346 | D:4      | Reached XP level 8. HP: 55/71 MP: 8/8
  4818 | D:5      | Killed a yak
  4827 | D:5      | Killed a yak
  5047 | D:5      | Killed a yak
  5055 | D:5      | Killed a yak
  5056 | D:5      | Reached skill level 5 in Armour
  5063 | D:5      | Killed a yak
  5064 | D:5      | Reached XP level 9. HP: 38/81 MP: 9/9
  5356 | D:5      | Became a worshipper of Beogh the Brigand
  6027 | D:5      | Reached skill level 1 in Maces & Flails
  6027 | D:5      | Reached skill level 1 in Invocations
  6031 | D:5      | HP: 4/81 [poisoned by a water moccasin]
  6793 | D:6      | Noticed Menkaure
  7755 | D:7      | HP: 3/68 [wight (5)]
  7756 | D:7      | Mangled by a wight

Illustrated notes

Levels and vault maps discovered:
D:1:      heliophobic_arrival_enchanted_forest, layout_basic
D:2:      layout_rooms, hellmonk_ecumenical_altar_heavens_door, uniq_jessica
D:3:      layout_loops_ring, uniq_terence
D:4:      layout_cave_pools, kennysheep_generic_room_2, uniq_pikel,
          uniq_crazy_yiuf_cottage
D:5:      layout_basic
D:6:      layout_rooms, uniq_menkaure, uniq_duvessa
D:7:      layout_basic, minmay_temple_entry_purple_smoke, serial_bayou_pond_a,
          uniq_joseph

Skill      XL: |  1  2  3  4  5  6  7  8  9 |
---------------+----------------------------+-----
Fighting       | 3 4 5 6 7 8 |  8.7
Bows           | 4 5 6 7 8 |  8.3
Armour         | 1 3 5 |  5.3
Maces & Flails | 4 |  4.1
Invocations    | 3 |  3.5
Axes           | |  0.7
Dodging        | |  1.5
Stealth        | |  0.7

Action                   |  1- 3 |  4- 6 |  7- 9 || total
-------------------------+-------+-------+-------++-------
Melee: Short sword       |    85 |   136 |       ||   221
       Whip              |       |       |    98 ||    98
       Flail             |       |       |    52 ||    52
 Fire: Shortbow          |    22 |    83 |   130 ||   235
Invok: Convert to Beogh  |       |       |     1 ||     1
Evoke: Wand              |       |       |     1 ||     1
  Use: Scroll            |     3 |     2 |     3 ||     8
 Stab: Sleeping          |     1 |       |       ||     1
Armor: Leather armour    |    25 |    48 |       ||    73
       Scale mail        |       |    48 |   152 ||   200
Dodge: Dodged            |    61 |    79 |   131 ||   271

Table legend: (Time is in decaauts)
 A = Elapsed time spent in this place.
 B = Non-inter-level travel time spent in this place.
 C = Inter-level travel time spent in this place.
 D = Time resting spent in this place.
 E = Time spent auto-exploring this place.
 F = Levels seen in this place.
 G = Mean time per level.
                   A        B        C        D        E       F      G
               +--------+--------+--------+--------+--------+-----+--------+
         Total |   7778 |   7265 |    513 |    621 |   5423 |   7 | 1111.1 |
       Dungeon |   7778 |   7265 |    513 |    621 |   5423 |   7 | 1111.1 |
               +--------+--------+--------+--------+--------+-----+--------+

Top non-repeatable levels by time:
     D:5: 1914 daAuts
     D:4: 1310 daAuts
     D:3: 1302 daAuts
     D:1: 1142 daAuts
     D:7: 951 daAuts
     D:2: 862 daAuts
     D:6: 294 daAuts
